Map: Orbital Shipyard

Players

ACEAD

  • Race: Zerg Zerg
  • League: Platinum

LindyHop - Winner!

  • Race: Zerg Zerg
  • League: Platinum

VOD

Have the link to the VOD?

Description

Time

  • Played on: Dec. 12, 2015, 6:36 p.m.
  • Length: 2:54
Show
View Real Time Build Order
Export as new Build Order

ACEAD Zerg 

Build Orders: Pool First 

Get SALT Encoding   

  12  0:02  Drone  
  13  0:09  Drone  
  14  0:18  Overlord  
  14  0:31  Extractor  
  14  0:32  Drone  
  14  0:45  Spawning Pool  
  14  0:46  Drone  
  14  0:51  Drone  
  15  0:57  Drone  
  16  1:25  Hatchery  
  16  1:30  Drone  
  16  1:33  Drone  
  16  1:39  Zergling x2  
  18  1:47  Zergling x2, Extractor  
  18  1:54  Zergling x2  
  19  2:02  Zergling x2  
  20  2:11  Queen  
  22  2:41  Drone  
Show
View Real Time Build Order
Export as new Build Order

LindyHop Zerg - Winner!

Build Orders: Pool First 

Get SALT Encoding   

  12  0:01  Drone  
  13  0:08  Drone  
  14  0:19  Extractor  
  14  0:20  Drone  
  14  0:33  Spawning Pool  
  13  0:41  Overlord  
  13  0:49  Drone  
  14  1:19  Metabolic Boost  
  14  1:20  Queen  
  14  1:21  Zergling x2  
  14  1:23  Zergling x2  
  18  1:29  Drone  
  19  1:43  Drone  
  19  1:44  Zergling x2  
  21  1:58  Baneling Nest  
  20  2:01  Zergling x2  
  20  2:05  Zergling x2  
  22  2:25  Overlord  
  22  2:31  Hatchery  
Tags
 
Add a new tag
Caveats
  • Supply blocks, unpowered buildings, or Contaminate may cause inaccurate times.
  • Supply counts are checked every 10 seconds.